 Dungeon Crawl Stone Soup version 0.30.0 (webtiles) character file.

Game seed: 5161164726664254824

58 Dani the Vexing (level 4, -1/30 HPs)
             Began as a Formicid Enchanter on May 10, 2023.
             Was an Initiate of Elyvilon.
             Killed from afar by Natasha (7 damage)
             ... with a magic dart
             ... on level 3 of the Dungeon.
             The game lasted 00:07:22 (2466 turns).

Dani the Vexing (Formicid Enchanter)                Turns: 2466, Time: 00:07:23

Health: -1/30      AC:  5    Str: 13    XL:     4   Next: 21%
Magic:  7/7        EV: 11    Int: 14    God:    Elyvilon [......]
Gold:   130        SH:  0    Dex: 16    Spells: 7/7 levels left

rFire   . . .        a - +1 dagger
rCold   . . .        (no shield)
rNeg    . . .        m - +0 ring mail
rPois   .            (helmet unavailable)
rElec   .            (no cloak)
rCorr   .            (no gloves)
SInv    +            (no boots)
Will    .....        (no amulet)
Stlth   ++           (no ring)
HPRegen 0.25/turn    (no ring)
MPRegen 0.10/turn

%: no passive effects
@: no status effects
A: permanent stasis, dig shafts and tunnels, antennae 3, four strong arms
a: Dig, Shaft Self, Renounce Religion


You were on level 3 of the Dungeon.
You worshipped Elyvilon.
Elyvilon was noncommittal.
You visited 1 branch of the dungeon, and saw 3 of its levels.

You collected 130 gold pieces.

Inventory:

Hand Weapons
 a - a +1 dagger (weapon)
Missiles
 f - 6 curare-tipped darts
 h - 9 poisoned darts
Armour
 b - a +0 robe
 l - a +0 kite shield
   (You found it on level 2 of the Dungeon)
 m - a +0 ring mail (worn)
   (You found it on level 2 of the Dungeon)
Scrolls
 n - a scroll of teleportation {unknown}
Potions
 c - 2 potions of invisibility
 d - a potion of flight {unknown}
 e - a potion of resistance
 g - a potion of cancellation {unknown}
 i - a potion of ambrosia
 j - a potion of magic
 k - a potion of might
 Q - 2 potions of curing {@q1}


   Skills:
 - Level 1.0 Short Blades
 * Level 3.2 Ranged Weapons
 + Level 0.4 Armour
 - Level 1.7 Dodging
 - Level 3.6 Stealth
 + Level 1.1 Shields
 - Level 2.1 Spellcasting
 - Level 3.6 Hexes


You had 7 spell levels left.
You didn't know any spells.
Your spell library contained the following spells:

 Spells                   Type           Power      Damage    Failure   Level
 Confusing Touch          Hex            11%        N/A       32%         3
 Tukima's Dance           Hex            11%        N/A       32%         3
 Ensorcelled Hibernation  Hex/Ice        12%        N/A       34%         2
 Dazzling Flash           Conj/Hex       12%        N/A       56%         3
 Inner Flame              Hex/Fire       6%         N/A       56%         3
 Spider Form              Tmut/Pois      1%         N/A       83%         3
 Anguish                  Hex/Necr       3%         N/A       93%         4
 Flame Wave               Conj/Fire      1%         2d4       99%         4
 Sticky Flame             Conj/Fire      1%         2d3       99%         4


Dungeon Overview and Level Annotations

Branches:
Dungeon (3/15)

Altars:
Elyvilon
Makhleb
Uskayaw

Shops:
D:1 :

Annotations:
D:3 3 exclusions, Natasha


Innate Abilities, Weirdness & Mutations

You cannot be hasted, slowed, berserked, paralysed or teleported.
You can dig through walls and to a lower floor.
You have a pair of large antennae on your head. (SInv)
Your four strong arms can wield two-handed weapons with a shield.


Message History

No target in view!
No target in view!
No target in view!
No target in view!
No target in view!
No target in view!
No target in view!
No target in view!
No target in view!
No target in view!
No target in view!
No target in view!
No target in view!
No target in view!
No target in view!
No target in view!
n - a scroll labelled BICSUI DUMEBB You see here a +0 whip.
You open the door.
Unknown command.
Found a hide-covered altar of Uskayaw.
Unknown command.
Key pressed, stopping explore.
Key pressed, stopping explore.
You sense a monster nearby.
A bat comes into view.
A bat is nearby!
Natasha, Servant of Life and Death comes into view.
The bat misses you.
Natasha mumbles some strange words.
The bat hits you. Natasha casts a spell at you. The magic dart hits you.
The cerulean imp hits you but does no damage.
Natasha casts a spell at you. The magic dart hits you.
The cerulean imp closely misses you.
You barely miss the cerulean imp. Natasha barely misses you.
The cerulean imp hits you with a +0 spear.
* * * LOW HITPOINT WARNING * * *
You closely miss the cerulean imp. Natasha closely misses you.
The cerulean imp closely misses you.
You hit the cerulean imp.
The cerulean imp is lightly wounded.
Natasha claws you but does no damage. The bat hits you but does no damage.
The cerulean imp hits you with a +0 spear.
* * * LOW HITPOINT WARNING * * *
You miss the cerulean imp.
The cerulean imp is lightly wounded.
The bat hits you.
* * * LOW HITPOINT WARNING * * *
Natasha casts a spell at you. The magic dart hits you.
* * * LOW HITPOINT WARNING * * *
The cerulean imp hits you but does no damage.
You are too injured to fight recklessly!
You are too injured to fight recklessly!
You are too injured to fight recklessly!
You are too injured to fight recklessly!
You are too injured to fight recklessly!
You are too injured to fight recklessly!
You are too injured to fight recklessly!
You are too injured to fight recklessly!
You are too injured to fight recklessly!
You are too injured to fight recklessly!
You are too injured to fight recklessly!
You are too injured to fight recklessly!
The cerulean imp attacks as you move away!
The cerulean imp hits you but does no damage.
The bat barely misses you. The cerulean imp barely misses you.
The bat hits you.
* * * LOW HITPOINT WARNING * * *
The cerulean imp hits you but does no damage.
The bat barely misses you. The bat barely misses you.
The bat barely misses you. The bat barely misses you.
The bat closely misses you. The bat attacks as you move away! The bat hits you.
* * * LOW HITPOINT WARNING * * *
The bat hits you but does no damage. x2
The bat attacks as you move away! The bat hits you but does no damage.
The bat closely misses you. The bat hits you but does no damage.
The bat attacks as you move away! The bat closely misses you.
Natasha wildly gestures.
You feel troubled.
Natasha mumbles some strange words.
The bat barely misses you. The bat barely misses you.
The bat attacks as you move away! The bat barely misses you. The bat hits you.
* * * LOW HITPOINT WARNING * * *
The cerulean imp hits you but does no damage.
The cerulean imp hits you from afar with a +1 spear.
* * * LOW HITPOINT WARNING * * *
The cerulean imp hits you from afar with a +1 spear.
* * * LOW HITPOINT WARNING * * *
Natasha casts a spell.
Natasha mumbles some strange words.
Natasha casts a spell at you. The magic dart hits you!
You die...

..............#.####.###
.##.....###.............
.##.....###.....########
.#......................
.##....................
.####.#.....#..####.####..
'## #.....#...............
..###...#.#.#.....<.####
..##..#.#.#.#...@......#
..#...#.#.......###.##.#
.....##.###.#.......## #
.>.....................
..#.###................
............h######.#..#..#
.............{............#
..................#.#.....#
....รท.#.####{##.....#.....#


You could see Natasha.

Vanquished Creatures
  3 adders (D:2)
  2 dart slugs (D:3)
  3 endoplasms
  3 giant cockroaches
  A hobgoblin (D:2)
  5 kobolds
  A quokka (D:1)
  6 ball pythons
  2 frilled lizards
  A goblin (D:1)
  3 rats (D:1)
30 creatures vanquished.

Notes
Turn   | Place    | Note
-------+----------+-------------------------------------------
     0 | D:1      | Dani the Formicid Enchanter began the quest for the Orb.
     0 | D:1      | Reached XP level 1. HP: 13/13 MP: 3/3
   127 | D:1      | Reached skill level 1 in Ranged Weapons
   175 | D:1      | Found Eklidwue's Book Shop.
   244 | D:1      | Reached XP level 2. HP: 15/19 MP: 5/5
  1042 | D:2      | Reached skill level 2 in Ranged Weapons
  1042 | D:2      | Reached XP level 3. HP: 19/24 MP: 6/6
  1148 | D:2      | HP: 6/24 [adder (2)]
  1349 | D:2      | Reached skill level 3 in Ranged Weapons
  1741 | D:2      | Reached XP level 4. HP: 30/30 MP: 7/7
  2028 | D:3      | Reached skill level 1 in Shields
  2202 | D:3      | Found a white marble altar of Elyvilon.
  2206 | D:3      | Became a worshipper of Elyvilon the Healer
  2258 | D:3      | Found a burning altar of Makhleb.
  2382 | D:3      | Noticed a +0 dagger
  2384 | D:3      | Found a hide-covered altar of Uskayaw.
  2384 | D:3      | Noticed a +0 hand axe
  2426 | D:3      | Noticed Natasha
  2436 | D:3      | HP: 7/30 [bat (1)]
  2456 | D:3      | HP: 6/30 [cerulean imp/+1 spear[Natasha] (4)]
  2466 | D:3      | Killed from afar by Natasha

Illustrated notes

Levels and vault maps discovered:
D:1:      kennysheep_arrival_seaside, layout_basic, serial_shops,
          nicolae_shop_rolling_square
D:2:      layout_basic, minmay_cupped
D:3:      layout_basic, dancing_weapons_uskayaw,
          mainiacjoe_overflow_small_starburst, mainiacjoe_overflow_alcove_1,
          uniq_natasha

Skill      XL: |  1  2  3  4 |
---------------+-------------+-----
Ranged Weapons | 1 2 3 |  3.2
Shields        | 1 |  1.1
Short Blades   | |  1.0
Armour         | |  0.4
Dodging        | |  1.7
Stealth        | |  3.6
Spellcasting   | |  2.1
Hexes          | |  3.6

Action                     |  1- 3 |  4- 6 || total
---------------------------+-------+-------++-------
  Melee: Dagger            |   122 |    28 ||   150
Ability: Dig               |     1 |       ||     1
    Use: Potion            |     1 |       ||     1
         Scroll            |       |     5 ||     5
   Stab: Sleeping          |     5 |     1 ||     6
 Armour: Robe              |    17 |       ||    17
         Ring mail         |    12 |    13 ||    25
  Dodge: Dodged            |    50 |    27 ||    77

Levels and vault maps discovered:
D:1:      kennysheep_arrival_seaside, layout_basic, serial_shops,
          nicolae_shop_rolling_square
D:2:      layout_basic, minmay_cupped
D:3:      layout_basic, dancing_weapons_uskayaw,
          mainiacjoe_overflow_small_starburst, mainiacjoe_overflow_alcove_1,
          uniq_natasha

Table legend: (Time is in decaauts)
 A = Elapsed time spent in this place.
 B = Non-inter-level travel time spent in this place.
 C = Inter-level travel time spent in this place.
 D = Time resting spent in this place.
 E = Time spent auto-exploring this place.
 F = Levels seen in this place.
 G = Mean time per level.
                   A        B        C        D        E       F      G
               +--------+--------+--------+--------+--------+-----+--------+
         Total |   2461 |   2315 |    146 |    174 |   1481 |   3 |  820.3 |
       Dungeon |   2461 |   2315 |    146 |    174 |   1481 |   3 |  820.3 |
               +--------+--------+--------+--------+--------+-----+--------+

Top non-repeatable levels by time:
     D:1: 1010 daAuts
     D:2: 1000 daAuts
     D:3: 450 daAuts

Table legend:
 A = Kills in this place as a percentage of kills in the entire game.
 B = Kills by you in this place as a percentage of kills by you in the entire game.
 C = Kills by friends in this place as a percentage of kills by friends in the entire game.
 D = Other kills in this place as a percentage of other kills in the entire game.
 E = Experience gained in this place as a percentage of experience gained in the entire game.
 F = Experience gained in this place divided by the number of levels of this place that you have seen.
                   A       B       C       D       E      F
               +-------+-------+-------+-------+-------+----------------------
         Total | 100.0 | 100.0 |   N/A |   N/A | 100.0 |  28.0
       Dungeon | 100.0 | 100.0 |   N/A |   N/A | 100.0 |  28.0
               +-------+-------+-------+-------+-------+----------------------
